 Dungeon Crawl Stone Soup version 0.21.1-1-g345015f (webtiles) character file.

3843 rlgrobin the Martial Artist (level 10, 0/75 HPs)
             Began as a Gnoll Transmuter on Feb 9, 2018.
             Was a Follower of Makhleb.
             Slain by a troll zombie (8 damage)
             ... on level 9 of the Dungeon.
             The game lasted 00:30:36 (7791 turns).

rlgrobin the Martial Artist (Gnoll Transmuter)      Turns: 7791, Time: 00:30:36

Health: 0/75       AC: 10    Str: 13    XL:     10   Next: 18%
Magic:  7/20       EV: 11    Int: 16    God:    Makhleb [*.....]
Gold:   250        SH:  0    Dex: 18    Spells: 15/23 levels left

rFire    + . .     SeeInvis +     - Unarmed
rCold    + . .     Gourm    .   (no shield)
rNeg     . . .     Faith    .   x - +1 chain mail {rPois}
rPois    +         Spirit   .   (no helmet)
rElec    +         Reflect  .   (no cloak)
rCorr    +         Harm     +   (no gloves)
MR       +....                  (no boots)
Stlth    ..........             v - amulet "Dosarem" {Harm *Drain MR+}
HPRegen  0.22/turn              q - +3 ring of evasion
MPRegen  0.17/turn              p - ring of see invisible

@: appendage (expiring), resistant, contaminated, glowing, drained
A: distributed training, fangs 1, horns 2, strong nose
a: End Transformation, Renounce Religion


You were on level 9 of the Dungeon.
You worshipped Makhleb.
Makhleb was aware of your devotion.
You were not hungry.
You had grown temporary horns.
You visited 2 branches of the dungeon, and saw 10 of its levels.

You collected 400 gold pieces.
You spent 150 gold pieces at shops.


Innate Abilities, Weirdness & Mutations

Your experience applies equally to all skills.
You have very sharp teeth.
Your uncanny sense of smell can sniff out nearby items.
You have a pair of horns on your head.


   Skills:
 + Level 5.6(4.8) Fighting
 + Level 4.9(4.1) Short Blades
 + Level 4.9(4.1) Long Blades
 + Level 4.9(4.1) Axes
 + Level 4.9(4.1) Maces & Flails
 + Level 4.9(4.1) Polearms
 + Level 4.9(4.1) Staves
 + Level 4.9(4.1) Slings
 + Level 4.9(4.1) Bows
 + Level 4.9(4.1) Crossbows
 + Level 4.9(4.1) Throwing
 + Level 4.9(4.1) Armour
 + Level 6.8(6.0) Dodging
 + Level 4.9(4.1) Stealth
 + Level 4.9(4.1) Shields
 + Level 8.3(7.4) Unarmed Combat
 + Level 7.1(6.2) Spellcasting
 + Level 4.1(3.3) Conjurations
 + Level 4.1(3.3) Hexes
 + Level 4.1(3.3) Charms
 + Level 4.1(3.3) Summonings
 + Level 4.1(3.3) Necromancy
 + Level 4.1(3.3) Translocations
 + Level 5.6(4.8) Transmutations
 + Level 4.1(3.3) Fire Magic
 + Level 4.1(3.3) Ice Magic
 + Level 4.1(3.3) Air Magic
 + Level 4.1(3.3) Earth Magic
 + Level 4.1(3.3) Poison Magic
 + Level 5.4(4.6) Invocations
 + Level 4.9(4.1) Evocations


You had 15 spell levels left.
You knew the following spells:

 Your Spells              Type           Power        Failure   Level  Hunger
c - Ice Form              Ice/Tmut       ###.....     100%        4    ####...
x - Spider Form           Tmut/Pois      ###.......   90%         3    ##.....
z - Beastly Appendage     Tmut           ###...       45%         1    None

Inventory:

Missiles
 a - 74 arrows
Armour
 b - a +1 robe
 j - a +1 leather armour of poison resistance
 m - a +0 ring mail
 x - a +1 chain mail of poison resistance (worn)
Jewellery
 n - an uncursed ring of ice
 p - a ring of see invisible (right hand)
 q - a +3 ring of evasion (left hand)
 v - the amulet "Dosarem" (around neck) {Harm *Drain MR+}

   [amulet of harm]

   It increases damage dealt and taken.
   It affects your resistance to hostile enchantments.
   It causes draining when unequipped.
 w - an uncursed amulet of magic regeneration
Wands
 l - a wand of iceblast (12)
Scrolls
 g - 3 scrolls of remove curse
 h - 3 scrolls of magic mapping
 i - 4 scrolls of teleportation {@r4}
 o - 2 scrolls of enchant armour
 u - 2 scrolls of blinking
Potions
 e - a potion of flight
 f - a potion of heal wounds {@q2}
 k - 3 potions of curing {@q1}
 s - a potion of ambrosia
Books
 c - a book of Changes

   Spells                             Type                      Level
   a - Beastly Appendage              Transmutation                1
   b - Sticks to Snakes               Transmutation                2
   c - Spider Form                    Transmutation/Poison         3
   d - Ice Form                       Ice/Transmutation            4
   e - Blade Hands                    Transmutation                5
Comestibles
 d - 16 rations

Dungeon Overview and Level Annotations

Branches:
Dungeon (9/15)             Temple (1/1) D:7             Orc (0/2) D:9
   Lair: D:8-11

Altars:
Ashenzari
Cheibriados
Dithmenos
Elyvilon
Fedhas
Gozag
Hepliaklqana
Kikubaaqudgha
Makhleb
Nemelex Xobeh
Okawaru
Qazlal
Ru
Sif Muna
Trog
Uskayaw
Vehumet
Wu Jian
Xom
Yredelemnul
Zin
The Shining One

Shops:
D:7

*}[ ..▒......
).▒......
▒....?...
▒▒▒▒▒▒........
▒.......8...>.
+..(..........
∆▒...ZZ........
▒..ZZZZ▒......


▒.ZZgZZ▒ .ZZ.. ▒..ZZZ.▒ Z... ▒......▒ .8. ▒▒+▒▒▒▒▒ .. ∆ ▒ You could see 3 goblin
zombies, 5 orc zombies, 2 ogre zombies, 2 troll zombies and a hobgoblin
skeleton.


Message History

Your transformation is almost over!
The hobgoblin skeleton hits you but does no damage!
The ogre zombie hits you but does no damage!
The goblin zombie hits you! * * * don't die
* * * The goblin zombie hits you but does no damage!
The ogre zombie closely misses you!
The troll zombie bites you! * * * don't die
* * * The troll zombie claws you! * * * don't die
* * * The troll zombie claws you! * * * don't die
* * * The orc zombie closely misses you!
You take 7 damage, and have 24/75 hp!
You pulverise the troll zombie!
You headbutt the troll zombie!
The troll zombie is lightly damaged!
The orc zombie closely misses you!
The hobgoblin skeleton hits you but does no damage!
The ogre zombie hits you!!! * * * don't die
* * * You take 9 damage, and have 15/75 hp!
Unknown command!
Your chain mail prevents you from hitting the troll zombie!
Your bite misses the troll zombie!
The troll zombie is lightly damaged!
The goblin zombie closely misses you!
The ogre zombie hits you!!! * * * don't die
* * * The troll zombie misses you!
The troll zombie closely misses you! The troll zombie claws you!!! rip

Action                   |  1- 3 |  4- 6 |  7- 9 | 10-12 || total
-------------------------+-------+-------+-------+-------++-------
Melee: Unarmed           |    53 |   181 |   275 |    82 ||   591
       Kick              |     2 |     6 |    22 |    10 ||    40
       Headbutt          |     3 |     1 |     3 |     7 ||    14
       Bite              |     2 |     4 |    18 |    10 ||    34
       Punch             |     1 |     1 |     5 |     1 ||     8
 Cast: Beastly Appendage |     6 |    10 |    10 |     5 ||    31
       Spider Form       |       |    15 |    20 |       ||    35
  Use: Scroll            |     7 |     3 |     3 |       ||    13
       Potion            |     1 |     3 |     6 |     1 ||    11
 Stab: Sleeping          |     1 |     1 |     4 |       ||     6
       Distracted        |       |     1 |       |       ||     1
  Eat: Chunk             |       |     7 |    11 |     1 ||    19
       Ration            |       |       |     2 |     2 ||     4
Armor: Robe              |    19 |     8 |       |       ||    27
       Skin              |       |     3 |     5 |       ||     8
       Ring mail         |       |       |     2 |       ||     2
       Leather armour    |       |       |     5 |       ||     5
       Chain mail        |       |       |    37 |    71 ||   108
Dodge: Dodged            |    44 |   155 |   240 |    77 ||   516

Vault maps used:
D:1:      tarquinn_simple_flora_water_e, minmay_curled_crystal, moated_statue,
          minmay_misc_feat_iff
D:2:      old_standard_altar, serial_bayou_pond_b, kennysheep_generic_room_10
D:3:      chequers_ecumenical_altar_twisty, kennysheep_generic_room_5
D:4:      first_ration
D:5:      basic_altar, nemelex_altar_shiori, uniq_sigmund, uniq_menkaure,
          uniq_edmund
D:6:      basic_altar, uniq_grinder
D:7:      minmay_temple_entry_mist, serial_shops, nicolae_shop_waterfront, shop,
          nicolae_shop_overgrown_old_shop, the_bakery, uniq_joseph,
          uniq_crazy_yiuf_cottage
D:8:      erik_lair_island, led_sif_pool
D:9:      zombieorc2_lemuel, serial_shops, shop, uniq_erica
Temple:   kilobyte_greek_temple

Notes
Turn   | Place    | Note
-------+----------+-------------------------------------------
     0 | D:1      | rlgrobin the Gnoll Transmuter began the quest for the Orb.
     0 | D:1      | Reached XP level 1. HP: 17/17 MP: 6/6
    18 | D:1      | Reached XP level 2. HP: 22/23 MP: 7/7
   405 | D:1      | Reached XP level 3. HP: 28/28 MP: 9/9
   424 | D:1      | Reached skill level 5 in Spellcasting
   731 | D:2      | Reached skill level 1 in Invocations
   779 | D:2      | Reached skill level 1 in Short Blades
   779 | D:2      | Reached skill level 1 in Long Blades
   779 | D:2      | Reached skill level 1 in Axes
   779 | D:2      | Reached skill level 1 in Maces & Flails
   779 | D:2      | Reached skill level 1 in Polearms
   779 | D:2      | Reached skill level 1 in Staves
   779 | D:2      | Reached skill level 1 in Slings
   779 | D:2      | Reached skill level 1 in Bows
   779 | D:2      | Reached skill level 1 in Crossbows
   779 | D:2      | Reached skill level 1 in Throwing
   779 | D:2      | Reached skill level 1 in Armour
   779 | D:2      | Reached skill level 1 in Stealth
   779 | D:2      | Reached skill level 1 in Shields
   779 | D:2      | Reached skill level 1 in Evocations
   861 | D:2      | Reached XP level 4. HP: 21/34 MP: 9/11
   874 | D:2      | Found a hazy altar of Hepliaklqana.
  1158 | D:2      | Reached skill level 1 in Conjurations
  1158 | D:2      | Reached skill level 1 in Hexes
  1158 | D:2      | Reached skill level 1 in Charms
  1158 | D:2      | Reached skill level 1 in Summonings
  1158 | D:2      | Reached skill level 1 in Necromancy
  1158 | D:2      | Reached skill level 1 in Translocations
  1158 | D:2      | Reached skill level 1 in Fire Magic
  1158 | D:2      | Reached skill level 1 in Ice Magic
  1158 | D:2      | Reached skill level 1 in Air Magic
  1158 | D:2      | Reached skill level 1 in Earth Magic
  1158 | D:2      | Reached skill level 1 in Poison Magic
  1165 | D:2      | Learned a level 3 spell: Spider Form
  1250 | D:2      | Reached XP level 5. HP: 40/40 MP: 8/12
  1323 | D:2      | Reached skill level 3 in Fighting
  1464 | D:2      | Reached skill level 4 in Transmutations
  1996 | D:3      | Found a faded altar of an unknown god.
  2482 | D:4      | Reached XP level 6. HP: 47/47 MP: 9/13
  2667 | D:4      | Reached skill level 2 in Invocations
  2724 | D:4      | Reached skill level 5 in Dodging
  2811 | D:4      | Noticed a phantom
  2825 | D:4      | Reached skill level 2 in Short Blades
  2825 | D:4      | Reached skill level 2 in Long Blades
  2825 | D:4      | Reached skill level 2 in Axes
  2825 | D:4      | Reached skill level 2 in Maces & Flails
  2825 | D:4      | Reached skill level 2 in Polearms
  2825 | D:4      | Reached skill level 2 in Staves
  2825 | D:4      | Reached skill level 2 in Slings
  2825 | D:4      | Reached skill level 2 in Bows
  2825 | D:4      | Reached skill level 2 in Crossbows
  2825 | D:4      | Reached skill level 2 in Throwing
  2825 | D:4      | Reached skill level 2 in Armour
  2825 | D:4      | Reached skill level 2 in Stealth
  2825 | D:4      | Reached skill level 2 in Shields
  2825 | D:4      | Reached skill level 2 in Evocations
  2861 | D:4      | Killed a phantom
  2861 | D:4      | Reached XP level 7. HP: 27/52 MP: 11/15
  3181 | D:5      | Entered Level 5 of the Dungeon
  3213 | D:5      | Reached skill level 7 in Unarmed Combat
  3213 | D:5      | Reached skill level 2 in Conjurations
  3213 | D:5      | Reached skill level 2 in Hexes
  3213 | D:5      | Reached skill level 2 in Charms
  3213 | D:5      | Reached skill level 2 in Summonings
  3213 | D:5      | Reached skill level 2 in Necromancy
  3213 | D:5      | Reached skill level 2 in Translocations
  3213 | D:5      | Reached skill level 2 in Fire Magic
  3213 | D:5      | Reached skill level 2 in Ice Magic
  3213 | D:5      | Reached skill level 2 in Air Magic
  3213 | D:5      | Reached skill level 2 in Earth Magic
  3213 | D:5      | Reached skill level 2 in Poison Magic
  3502 | D:5      | Noticed Sigmund
  3514 | D:5      | Killed Sigmund
  3514 | D:5      | Reached skill level 3 in Invocations
  3514 | D:5      | Reached XP level 8. HP: 60/60 MP: 9/16
  3537 | D:5      | Found a radiant altar of Vehumet.
  3539 | D:5      | Noticed Menkaure
  3546 | D:5      | Killed Menkaure
  3546 | D:5      | Reached skill level 4 in Fighting
  3546 | D:5      | Reached skill level 3 in Short Blades
  3546 | D:5      | Reached skill level 3 in Long Blades
  3546 | D:5      | Reached skill level 3 in Axes
  3546 | D:5      | Reached skill level 3 in Maces & Flails
  3546 | D:5      | Reached skill level 3 in Polearms
  3546 | D:5      | Reached skill level 3 in Staves
  3546 | D:5      | Reached skill level 3 in Slings
  3546 | D:5      | Reached skill level 3 in Bows
  3546 | D:5      | Reached skill level 3 in Crossbows
  3546 | D:5      | Reached skill level 3 in Throwing
  3546 | D:5      | Reached skill level 3 in Armour
  3546 | D:5      | Reached skill level 3 in Stealth
  3546 | D:5      | Reached skill level 3 in Shields
  3546 | D:5      | Reached skill level 3 in Evocations
  3642 | D:5      | Reached skill level 6 in Spellcasting
  3686 | D:5      | Found a sparkling altar of Nemelex Xobeh.
  3803 | D:5      | Noticed Edmund
  3814 | D:5      | Killed Edmund
  4296 | D:6      | Reached skill level 4 in Invocations
  4377 | D:6      | Found a glowing golden altar of the Shining One.
  4571 | D:6      | Noticed Grinder
  4580 | D:6      | Paralysed by Grinder for 7 turns
  4595 | D:6      | Killed Grinder
  4595 | D:6      | Reached skill level 6 in Dodging
  4595 | D:6      | Reached skill level 3 in Conjurations
  4595 | D:6      | Reached skill level 3 in Hexes
  4595 | D:6      | Reached skill level 3 in Charms
  4595 | D:6      | Reached skill level 3 in Summonings
  4595 | D:6      | Reached skill level 3 in Necromancy
  4595 | D:6      | Reached skill level 3 in Translocations
  4595 | D:6      | Reached skill level 5 in Transmutations
  4595 | D:6      | Reached skill level 3 in Fire Magic
  4595 | D:6      | Reached skill level 3 in Ice Magic
  4595 | D:6      | Reached skill level 3 in Air Magic
  4595 | D:6      | Reached skill level 3 in Earth Magic
  4595 | D:6      | Reached skill level 3 in Poison Magic
  4595 | D:6      | Reached XP level 9. HP: 66/66 MP: 18/18
  5017 | D:6      | Got a steaming diamond amulet
  5018 | D:6      | Identified the amulet "Dosarem" {Harm *Drain MR+} (You found it on level 6 of the Dungeon)
  5092 | D:7      | Found Helop's Antique Armour Shop.
  5122 | D:6      | Reached skill level 4 in Short Blades
  5122 | D:6      | Reached skill level 4 in Long Blades
  5122 | D:6      | Reached skill level 4 in Axes
  5122 | D:6      | Reached skill level 4 in Maces & Flails
  5122 | D:6      | Reached skill level 4 in Polearms
  5122 | D:6      | Reached skill level 4 in Staves
  5122 | D:6      | Reached skill level 4 in Slings
  5122 | D:6      | Reached skill level 4 in Bows
  5122 | D:6      | Reached skill level 4 in Crossbows
  5122 | D:6      | Reached skill level 4 in Throwing
  5122 | D:6      | Reached skill level 4 in Armour
  5122 | D:6      | Reached skill level 4 in Stealth
  5122 | D:6      | Reached skill level 4 in Shields
  5122 | D:6      | Reached skill level 4 in Evocations
  5139 | D:7      | Noticed Joseph
  5161 | D:7      | Killed Joseph
  5161 | D:7      | Reached skill level 5 in Fighting
  5196 | D:7      | Learned a level 4 spell: Ice Form
  5208 | D:7      | Found Jisenon's Gadget Shoppe.
  5229 | D:7      | Bought a shiny chain mail for 150 gold pieces
  5272 | D:7      | Found a staircase to the Ecumenical Temple.
  5318 | Temple   | Entered the Ecumenical Temple
  5429 | Temple   | Became a worshipper of Makhleb the Destroyer
  5525 | D:7      | Found Kump's Assorted Antiques.
  5657 | D:7      | Reached skill level 8 in Unarmed Combat
  5877 | D:7      | Reached skill level 5 in Invocations
  6288 | D:8      | Noticed a two-headed ogre
  6806 | D:8      | Reached skill level 7 in Spellcasting
  6806 | D:8      | Reached XP level 10. HP: 64/74 MP: 20/20
  6887 | D:8      | Reached * piety under Makhleb
  6887 | D:8      | Reached skill level 4 in Conjurations
  6887 | D:8      | Reached skill level 4 in Hexes
  6887 | D:8      | Reached skill level 4 in Charms
  6887 | D:8      | Reached skill level 4 in Summonings
  6887 | D:8      | Reached skill level 4 in Necromancy
  6887 | D:8      | Reached skill level 4 in Translocations
  6887 | D:8      | Reached skill level 4 in Fire Magic
  6887 | D:8      | Reached skill level 4 in Ice Magic
  6887 | D:8      | Reached skill level 4 in Air Magic
  6887 | D:8      | Reached skill level 4 in Earth Magic
  6887 | D:8      | Reached skill level 4 in Poison Magic
  7629 | D:9      | Found a staircase to the Orcish Mines.
  7786 | D:8      | Identified a potion of resistance
  7791 | D:9      | Slain by a troll zombie

Vanquished Creatures
  Joseph (D:7)
  Grinder (D:6)
  Sigmund (D:5)
  A spriggan (D:7)
  2 hungry ghosts
  Menkaure (D:5)
  Edmund (D:5)
  4 ice beasts
  5 phantoms
  A sky beast (D:5)
  A wolf (D:8)
  A centaur (D:7)
  2 bullfrogs
  4 wights
  2 crimson imps
  A bullfrog zombie (D:5)
  A quasit (D:7)
  9 hounds
  2 jellies
  2 orc wizards (D:4)
  3 orc priests
  A gnoll shaman (D:6)
  An iguana (D:8)
  4 worker ants
  A hound zombie (D:6)
  3 hound skeletons
  A worker ant zombie (D:7)
  9 gnolls
  7 adders
  2 shadow imps (D:6)
  An ooze (D:5)
  An adder skeleton (D:4)
  2 worms (D:2)
  3 dart slugs
  5 leopard geckos
  27 orcs
  2 ball pythons
  10 bats
  6 giant cockroaches
  5 goblins
  9 hobgoblins
  5 jackals
  8 kobolds
  4 quokkas
  3 frilled lizards
  A goblin zombie (D:9)
  A jackal skeleton (D:5)
  2 leopard gecko skeletons
  2 orc zombies (D:9)
  A quokka skeleton (D:5)
  6 rats
179 creatures vanquished.
